 Dungeon Crawl Stone Soup version 0.18-a0-1797-gc18daef (webtiles) character file.

15 M4edhros the Grave Robber (level 2, -2/17 HPs)
             Began as an Octopode Necromancer on Apr 22, 2016.
             Slain by a quokka (3 damage)
             ... on level 3 of the Dungeon.
             The game lasted 00:01:31 (308 turns).

M4edhros the Grave Robber (Octopode Necromancer)     Turns: 308, Time: 00:01:32

Health: -2/17      AC:  1    Str:  7    XL:     2   Next: 50%
Magic:  1/5        EV: 12    Int: 17    God:
Gold:   9          SH:  0    Dex: 12    Spells: 1 memorised, 4 levels left

rFire  . . .     SeeInvis .       - Unarmed
rCold  + . .     Gourm    .     (no shield)
rNeg   . . .     Faith    .     (helmet restricted)
rPois  .         Spirit   .     (no amulet)
rElec  .         Dismiss  .     d - ring of protection from cold
rCorr  .         Reflect  .     (no ring)
SustAt .         Harm     .     (no ring)
MR     .....                    (no ring)
Stlth  +++.......               (no ring)
                                (no ring)
                                (no ring)
                                (no ring)

@: not resistant to hostile enchantments, fairly stealthy
A: almost no armour, amphibious, 8 rings, constrict 8, camouflage 1, gelatinous
body 1
a: no special abilities


You were on level 3 of the Dungeon.
You were not hungry.

You visited 1 branch of the dungeon, and saw 3 of its levels.

You collected 9 gold pieces.

Inventory:

Missiles
 c - 17 poisoned needles
 f - 14 sling bullets
 h - 23 stones (quivered)
Jewellery
 d - a ring of protection from cold (left tentacle)
Scrolls
 e - a scroll of magic mapping {unknown}
Potions
 g - a potion of lignification {unknown}
 j - a potion of heal wounds {unknown}
Books
 a - a book of Necromancy

   Spells                             Type                      Level
   a - Pain                           Necromancy                   1
   b - Animate Skeleton               Necromancy                   1
   c - Vampiric Draining              Necromancy                   3
   d - Regeneration                   Charms/Necromancy            3
   e - Animate Dead                   Necromancy                   4
   f - Control Undead                 Necromancy                   4
Comestibles
 b - a bread ration
 i - a slice of pizza


   Skills:
 - Level 2.0 Dodging
 - Level 2.6 Stealth
 + Level 2.0 Unarmed Combat
 - Level 2.0 Spellcasting
 - Level 4.0 Necromancy


You had 4 spell levels left.
You knew the following spells:

 Your Spells              Type           Power        Failure   Level  Hunger
a - Pain                  Necr           ###.         3%          1    #......


Dungeon Overview and Level Annotations

Branches:
Dungeon (3/15)

Altars:


Innate Abilities, Weirdness & Mutations

You cannot wear most types of armour.
You are amphibious.
You can wear up to eight rings at the same time.
You can use your tentacles to constrict eight enemies at once.
Your skin changes colour to match your surroundings (Stealth).
Your rubbery body absorbs attacks (AC +1).


Message History

There is a stone staircase leading down here.
You climb downwards.
Found a sapphire potion.
There is a stone staircase leading up here.
j - a sapphire potion Drink which item? (? for menu, Esc to quit)
Okay, then.
A dart slug comes into view.
Found a scroll labeled FUIDIL QUFF.
Found a stone staircase leading up.
A quokka comes into view.
Found 10 gold pieces.
The quokka bites you.
* * * LOW HITPOINT WARNING * * *
Casting: Pain
Confirm with . or Enter, or press ? or * to list all spells.
Aiming: Pain
Press: ? - help, Shift-Dir - straight line, f - quokka
Aim: a quokka (chance to defeat MR: 92%)
The quokka convulses in agony!
The quokka misses you. The quokka bites you.
You die...

. ##. ..# #.# ######
#.# #.<..# #.# #######
###....###.# .$.....
............###r......
##########....@.......
#######.####.......
...w....# #......
...........?..<....
...................
........⌠..P.......
..........P≈P......
...........≈.......
........#.....#


You could see a quokka.

Vanquished Creatures
  A worm (D:2)
  2 dart slugs (D:2)
  A goblin (D:1)
  A hobgoblin (D:2)
  A kobold (D:1)
  A bat (D:2)
  2 giant newts (D:1)
9 creatures vanquished.

Notes
Turn   | Place    | Note
--------------------------------------------------------------
     0 | D:1      | M4edhros the Octopode Necromancer began the quest for the Orb.
     0 | D:1      | Reached XP level 1. HP: 11/11 MP: 3/3
   125 | D:1      | Reached skill level 1 in Unarmed Combat
   141 | D:2      | Reached XP level 2. HP: 8/17 MP: 1/5
   308 | D:3      | Slain by a quokka

Vault maps used:
D:1:      noname_arrival_rooms_in_the_neighbourhood, hangedman_decor_slide_cut,
          patterned_corridor
D:2:      kennysheep_ying_yang, nicolae_qazlal_style_of_elements
D:3:      lemuel_round_altar, tso_oasis_becter, first_bread, nrook_loot_triangle

Skill      XL: |  1  2 |
---------------+-------+-----
Unarmed Combat | 1 2 |  2.0
Dodging        | |  2.0
Stealth        | |  2.6
Spellcasting   | |  2.0
Necromancy     | |  4.0

Action                   || total
-------------------------++-------
Melee: Unarmed           ||     5
       Constrict         ||     2
       Tentacles         ||     1
 Cast: Pain              ||    17
Dodge: Dodged            ||     5
